 Dungeon Crawl Stone Soup version 0.16.1 (webtiles) character file.

14294 DogShitOnMyToe the Grappler (level 11, -9/120 HPs)
             Began as a Troll Hunter on Mar 23, 2015.
             Mangled by a spiny frog (17 damage)
             ... on level 3 of the Lair of Beasts on Mar 24, 2015.
             The game lasted 00:33:59 (11413 turns).

DogShitOnMyToe the Grappler (Troll Hunter)         Turns: 11413, Time: 00:33:59

Health: -9/120     AC: 10    Str: 20    XL:     11   Next: 86%
Magic:  4/4        EV: 10    Int:  7    God:
Gold:   758        SH:  0    Dex: 13    Spells: 0 memorised, 10 levels left

rFire  . . .     SeeInvis .       - Unarmed
rCold  . . .     Clarity  .     d - +0 animal skin
rNeg   . . .     SustAb   +     (shield restricted)
rPois  +         Gourm    +     (helmet restricted)
rElec  .         Spirit   .     h - +0 cloak
rCorr  .         Warding  .     (gloves unavailable)
rMut   .         Stasis   .     (boots unavailable)
MR     .....                    (no amulet)
Stlth  ++........               Q - ring of poison resistance
                                L - ring of sustain abilities

@: about to teleport, not resistant to hostile enchantments, unstealthy
A: unfitting armour, claws 3, iridescent scales 1, blurry vision 1, fast
metabolism 3, gourmand, regeneration 2, shaggy fur 1, tough skin 2, weak 1
a: no special abilities


You were on level 3 of the Lair of Beasts.
You were very full.

You visited 3 branches of the dungeon, and saw 15 of its levels.

You collected 862 gold pieces.
You spent 104 gold pieces at shops.

Inventory:

Hand weapons
 a - a +0 short sword
Missiles
 c - 5 throwing nets
 G - 10 large rocks (quivered)
Armour
 d - a +0 animal skin (worn)
 h - a +0 cloak (worn)
Rods
 U - a +0 rod of ignition (10/10)
   (You found it on level 1 of the Lair of Beasts)
Jewellery
 q - an uncursed ring of flight {unknown}
 u - an uncursed ring of magical power
 L - a ring of sustain abilities (left claw)
 Q - a ring of poison resistance (right claw)
Magical devices
 y - a wand of teleportation (2)
 E - a wand of disintegration (14)
 N - a wand of teleportation (1)
 O - a wand of digging (5)
Scrolls
 b - a scroll of immolation {unknown}
 j - 2 scrolls of enchant weapon {unknown}
 l - 7 scrolls of identify
 m - 4 scrolls of amnesia {unknown}
 o - 4 scrolls of teleportation {unknown}
 r - 8 scrolls of remove curse
 t - 4 scrolls of fog {unknown}
 v - a scroll of fear {unknown}
 x - 2 scrolls of random uselessness {unknown}
 C - a scroll of magic mapping {unknown}
 I - a scroll of recharging {unknown}
 R - a scroll of enchant armour {unknown}
 V - a scroll of brand weapon {unknown}
 Y - a scroll of noise {unknown}
 Z - a scroll of blinking {unknown}
Potions
 e - a potion of restore abilities
 k - 3 potions of lignification
 p - a potion of poison
 s - 2 potions of curing
 z - a potion of agility
 J - 2 potions of degeneration {unknown}
 S - 2 potions of haste {unknown}
Books
 A - a book of Spatial Translocations

   Spells                             Type                      Level
   a - Apportation                    Translocation                1
   b - Blink                          Translocation                2
   c - Shroud of Golubria             Charms/Translocation         2
   d - Portal Projectile              Translocation                3
   e - Teleport Other                 Translocation                3
   f - Passage of Golubria            Translocation                4
 B - a book of Frost

   Spells                             Type                      Level
   a - Freeze                         Ice                          1
   b - Throw Frost                    Conjuration/Ice              2
   c - Ozocubu's Armour               Charms/Ice                   3
   d - Throw Icicle                   Conjuration/Ice              4
   e - Summon Ice Beast               Ice/Summoning                4
   f - Condensation Shield            Ice                          4
 F - a Grand Grimoire {highlevel, unknown}

   This book is beyond your current level of understanding.

   Spells                             Type                      Level
   a - Aura of Abjuration             Summoning                    6
   b - Summon Greater Demon           Summoning                    7
   c - Malign Gateway                 Summoning/Translocation      7
   d - Summon Horrible Things         Summoning                    8
 T - a book of Burglary

   Spells                             Type                      Level
   a - Swiftness                      Charms/Air                   2
   b - Passwall                       Transmutation/Earth          3
   c - Passage of Golubria            Translocation                4
   d - Lee's Rapid Deconstruction     Earth                        5
   e - Invisibility                   Hexes                        6
   f - Darkness                       Hexes                        7
 X - a book of Callings

   Spells                             Type                      Level
   a - Summon Small Mammal            Summoning                    1
   b - Call Imp                       Summoning                    2
   c - Call Canine Familiar           Summoning                    3
   d - Summon Guardian Golem          Hexes/Summoning              4
   e - Summon Lightning Spire         Summoning/Air                4
   f - Summon Ice Beast               Ice/Summoning                4
Comestibles
 f - 9 meat rations
 g - 6 bread rations
 n - 2 beef jerkies
 w - 12 fruits
 D - a poisonous chunk of flesh


   Skills:
 - Level 11.0 Fighting
 - Level 3.6 Throwing
 - Level 1.5 Dodging
 - Level 0.4 Stealth
 + Level 13.7 Unarmed Combat


You had 10 spell levels left.
You didn't know any spells.

Dungeon Overview and Level Annotations

Branches:
Dungeon (11/15)            Temple (1/1) D:6            Lair (3/8) D:10
    Orc (0/4) D:10
  Swamp: Lair:3-6    Shoals: Lair:3-6     Snake: Lair:3-6    Spider: Lair:3-6

Altars:
Ashenzari
Cheibriados
Dithmenos
Elyvilon
Fedhas
Gozag
Kikubaaqudgha
Makhleb
Nemelex Xobeh
Okawaru
Qazlal
Ru
Sif Muna
Trog
Vehumet
Xom
Yredelemnul
Zin
The Shining One

Shops:
D:6 !


Innate Abilities, Weirdness & Mutations

You are too large for most types of armour.
You have claws for hands.
Your metabolism is lightning-fast.
You like to eat raw meat.
You heal very quickly.
You are covered in fur (AC +1).
You have very tough skin (AC +2).
You are partially covered in iridescent scales (AC +4).
Scrolls take you a little longer to read.
You are weak. (Str -2)


Message History

The yak gores you but does no damage.
Drink which item? (? for menu, Esc to quit)
Okay, then.
Read which item? (? for menu, Esc to quit)
Okay, then.
Drink which item? (? for menu, Esc to quit)
Okay, then.
Read which item? (? for menu, Esc to quit)
Okay, then.
Evoke which item? (* to show all) (? for menu, Esc to quit)
Zapping:
N - a wand of teleportation {zapped: 2} (will waste charges)
Press: ? - help, Shift-Dir - straight line, f - you You feel strangely unstable.
Evoking this partially-identified wand wasted a few charges.
The spiny frog closely misses you. The yak barely misses you.
Drink which item? (? for menu, Esc to quit)
You feel better. The spiny frog stings you!
* * * LOW HITPOINT WARNING * * *
The yak barely misses you. The spiny frog stings you!
You die...

... . .........##### ... ...
..YF.YY.....####
..............F......P.#
###..................P.##
.......#.......#[..Y....##
#.....(......Y##.........#
............Y.####......###
..............####YY......##
.....#......<..Y@F#........##
....#.#.......#######.......#
..#.# #.......# ##......#
.P### ##......# ###......##
..# ##...#.# #.........# .###
##.... .# ##.......#.#
...###...... .. #.........##
............ .## ##.......###
......#.....###.##.......##


You could see a death yak, 2 yaks and a spiny frog.

Vanquished Creatures
  A hydra (Lair:3)
  A death yak (Lair:3)
  A hill giant (D:10)
  An elephant (D:10)
  4 spiny frogs
  3 trolls
  A fire drake (Lair:3)
  The ghost of Spotslime the Transmogrifier, an experienced VSTm (D:6)
  A trapdoor spider zombie (D:10)
  A wyvern (D:10)
  A basilisk (Lair:2)
  5 hippogriffs
  17 yaks
  A hungry ghost (D:8)
  Menkaure (D:6)
  A deep elf fighter (D:9)
  3 water moccasins
  3 wolves (Lair:3)
  3 porcupines
  2 sky beasts (D:10)
  An eye of draining (D:10)
  A phantom (D:4)
  3 ogres
  An ice beast (D:7)
  A necrophage (D:10)
  A black bear (D:6)
  4 centaurs
  9 crocodiles
  An orc warrior (D:10)
  6 giant frogs
  A big kobold (D:9)
  4 scorpions
  4 goliath beetles
  A crimson imp (D:8)
  17 killer bees
  An electric eel (Lair:2)
  2 jellies
  A giant frog zombie (D:10)
  An orc priest (D:10)
  4 hounds
  6 iguanas
  6 orc wizards
  A giant frog skeleton (D:10)
  9 worker ants
  7 sheep (Lair:1)
  2 hound skeletons
  A mummy (D:10)
  8 adders
  34 river rats
  2 worker ant zombies
  A shadow imp (D:9)
  A giant mite (D:4)
  2 worms
  An adder zombie (D:9)
  2 giant geckos
  An ooze (D:1)
  21 orcs
  2 ball pythons
  3 bat skeletons
  3 giant cockroaches
  14 goblins
  10 hobgoblins
  13 jackals
  28 kobolds
  12 quokkas
  8 bats
  A giant gecko skeleton (D:4)
  9 giant newts
  2 giant spores
  14 rats
  5 ballistomycetes
345 creatures vanquished.

Vanquished Creatures (others)
  A jackal (D:8)
  A giant spore (D:7)
2 creatures vanquished.

Grand Total: 347 creatures vanquished

Notes
Turn   | Place    | Note
--------------------------------------------------------------
     0 | D:1      | DogShitOnMyToe, the Troll Hunter, began the quest for the Orb.
     0 | D:1      | Reached XP level 1. HP: 19/19 MP: 1/1
    25 | D:1      | Reached skill level 1 in Unarmed Combat
   207 | D:1      | Reached XP level 2. HP: 24/27 MP: 1/1
   626 | D:1      | Reached XP level 3. HP: 33/33 MP: 2/2
  1143 | D:2      | Found a glowing golden altar of the Shining One.
  1487 | D:3      | Reached XP level 4. HP: 41/41 MP: 2/2
  1625 | D:3      | Reached skill level 4 in Unarmed Combat
  1639 | D:3      | Found an iron altar of Okawaru.
  2014 | D:4      | Found a shattered altar of Ashenzari.
  2307 | D:4      | Found a sparkling altar of Nemelex Xobeh.
  2372 | D:4      | Reached XP level 5. HP: 48/48 MP: 2/2
  2439 | D:4      | Reached skill level 5 in Unarmed Combat
  2516 | D:4      | Noticed a phantom
  2570 | D:4      | Killed a phantom
  2839 | D:5      | Entered Level 5 of the Dungeon
  2844 | D:5      | Reached XP level 6. HP: 55/55 MP: 3/3
  2848 | D:5      | Reached skill level 6 in Unarmed Combat
  3190 | D:5      | Noticed an ogre
  3195 | D:5      | Killed an ogre
  3195 | D:5      | Reached skill level 7 in Unarmed Combat
  3548 | D:6      | Reached XP level 7. HP: 62/62 MP: 3/3
  3587 | D:6      | Found Afypyeta's Distillery.
  3593 | D:6      | Reached skill level 8 in Unarmed Combat
  3603 | D:6      | Noticed Spotslime's ghost (experienced VSTm)
  3605 | D:6      | Gained mutation: Scrolls take you a little longer to read. [potion of mutation]
  3605 | D:6      | Gained mutation: You are partially covered in iridescent scales (AC +4). [potion of mutation]
  3605 | D:6      | Gained mutation: You are weak. (Str -2) [potion of mutation]
  3614 | D:6      | Killed Spotslime's ghost
  3619 | D:6      | Reached skill level 9 in Unarmed Combat
  3621 | D:6      | Reached XP level 8. HP: 9/70 MP: 3/3
  3623 | D:6      | HP: 5/105 [killer bee (6)]
  3749 | D:6      | Bought a potion of heal wounds for 65 gold pieces
  3749 | D:6      | Bought a potion of curing for 39 gold pieces
  3924 | D:6      | Noticed Menkaure
  3939 | D:6      | Killed Menkaure
  3939 | D:6      | Reached skill level 10 in Unarmed Combat
  4279 | D:6      | Found a staircase to the Ecumenical Temple.
  4360 | D:7      | Reached skill level 11 in Unarmed Combat
  4561 | D:7      | Reached XP level 9. HP: 51/76 MP: 4/4
  4743 | D:7      | Found a basalt altar of Yredelemnul.
  5284 | D:7      | Reached skill level 12 in Unarmed Combat
  5325 | Temple   | Entered the Ecumenical Temple
  5705 | D:8      | Found a deep blue altar of Sif Muna.
  5960 | D:8      | Reached skill level 5 in Fighting
  6041 | D:8      | Found a radiant altar of Vehumet.
  6067 | D:8      | Found a white marble altar of Elyvilon.
  7117 | D:10     | Entered Level 10 of the Dungeon
  7126 | D:10     | Reached XP level 10. HP: 98/100 MP: 4/4
  7426 | D:10     | Noticed a hill giant
  7433 | D:10     | Noticed an elephant
  7436 | D:10     | Killed a hill giant
  7476 | D:10     | Killed an elephant
  7517 | D:10     | Found a staircase to the Lair.
  7794 | D:10     | Found a staircase to the Orcish Mines.
  8175 | D:11     | Noticed a six-headed hydra
  8204 | Lair:1   | Entered Level 1 of the Lair of Beasts
  8773 | Lair:1   | Reached skill level 10 in Fighting
  8773 | Lair:1   | Reached XP level 11. HP: 109/117 MP: 4/4
 10053 | Lair:2   | Identified a +0 rod of ignition (10/10) (You found it on level 1 of the Lair of Beasts)
 10555 | Lair:3   | Noticed a death yak
 10555 | Lair:3   | Noticed an eight-headed hydra
 10557 | Lair:3   | Noticed a death yak
 10557 | Lair:3   | Noticed a death yak
 10603 | Lair:3   | Noticed a seven-headed hydra
 10612 | Lair:3   | Killed a seven-headed hydra
 10612 | Lair:3   | Reached skill level 13 in Unarmed Combat
 11382 | Lair:3   | Noticed a death yak
 11402 | Lair:3   | Killed a death yak
 11410 | Lair:3   | HP: 5/120 [yak (6)]
 11413 | Lair:3   | Mangled by a spiny frog

Action                   |  1- 3 |  4- 6 |  7- 9 | 10-12 || total
-------------------------+-------+-------+-------+-------++-------
Melee: Unarmed           |   159 |   132 |   333 |   460 ||  1084
Throw: Large rock        |       |     8 |     9 |    12 ||    29
       Throwing net      |       |     2 |       |     1 ||     3
Evoke: Wand              |       |       |       |     5 ||     5
  Use: Scroll            |       |     1 |       |     3 ||     4
       Potion            |       |       |     8 |     3 ||    11
 Stab: Sleeping          |       |       |     1 |     4 ||     5
       Distracted        |       |       |       |     1 ||     1
  Eat: Chunk             |    17 |    21 |    33 |    38 ||   109
